 Dungeon Crawl Stone Soup version 0.23.2-30-g0e89c35649 (webtiles) character file.

Game seed: 8490888887147746621

13468 lepoulpe303 the Cleaver (level 12, -5/110 HPs)
             Began as a Hill Orc Monk on June 17, 2019.
             Was a High Priest of Beogh.
             Slain by a seven-headed hydra (9 damage)
             ... on level 2 of the Lair of Beasts on June 18, 2019.
             The game lasted 01:17:12 (17529 turns).

lepoulpe303 the Cleaver (Hill Orc Monk)            Turns: 17529, Time: 01:17:13

Health: -5/110     AC: 18    Str: 19    XL:     12   Next: 6%
Magic:  19/19      EV: 11    Int: 10    God:    Beogh [*****.]
Gold:   627        SH: 10    Dex: 13    Spells: 11/11 levels left

rFire    . . .     SeeInvis .   O - +4 flail
rCold    . . .     Gourm    .   E - +0 shield
rNeg     . . .     Faith    .   z - +0 plate armour
rPois    .         Spirit   .   n - +0 helmet
rElec    .         Reflect  .   K - +0 cloak
rCorr    +         Harm     .   f - +0 pair of gloves
MR       .....                  r - +0 pair of boots
Stlth    ..........             (no amulet)
HPRegen  0.28/turn              U - +5 ring of evasion
MPRegen  0.16/turn              C - ring of resist corrosion

@: no status effects
A: walk on water
a: Smiting, Recall Orcish Followers, Give Item to Named Follower, Renounce
Religion


You were on level 2 of the Lair of Beasts.
You worshipped Beogh.
Beogh was extremely pleased with you.
You were not hungry.

You visited 2 branches of the dungeon, and saw 14 of its levels.

You collected 627 gold pieces.

Inventory:

Hand Weapons
 a - a +0 broad axe
 y - a +2 mace of holy wrath
 O - a +4 flail (weapon)
Missiles
 s - 2 throwing nets {=f}
 H - 8 tomahawks (quivered)
 Q - 463 stones
 W - 4 poisoned tomahawks
Armour
 f - a +0 pair of gloves (worn)
 n - a +0 helmet (worn)
 r - a +0 pair of boots (worn)
 w - a +0 chain mail
 z - a +0 plate armour (worn)
 E - a +0 shield (worn)
 K - a +0 cloak (worn)
Jewellery
 C - a ring of resist corrosion (right hand)
 F - an uncursed ring of protection from fire
 N - a +3 ring of intelligence
 U - a +5 ring of evasion (left hand)
Wands
 b - a wand of scattershot (8)
 p - a wand of flame (18)
 u - a wand of paralysis (5)
 D - a wand of digging (5)
 I - a wand of disintegration (23)
Scrolls
 c - 2 scrolls of enchant armour {unknown}
 g - 2 scrolls of enchant weapon
 i - 12 scrolls of identify
 j - a scroll of immolation {unknown}
 k - 3 scrolls of remove curse {unknown}
 t - a scroll of teleportation
 B - 2 scrolls of blinking {!r}
 G - a scroll of fog {unknown}
 J - 3 scrolls of brand weapon {unknown}
 T - a scroll of torment {unknown}
 V - 2 scrolls of magic mapping {unknown}
 Y - a scroll of acquirement {unknown}
 Z - a scroll of fear {unknown}
Potions
 d - 2 potions of might
 h - 4 potions of haste
 l - 2 potions of invisibility
 m - 2 potions of magic {unknown}
 o - 2 potions of cancellation
 q - 5 potions of curing
 v - 2 potions of agility {unknown}
 x - 3 potions of lignification {unknown}
 A - 2 potions of resistance {unknown}
 L - 2 potions of mutation {unknown}
 M - 2 potions of flight {unknown}
 R - a potion of heal wounds {unknown}
 X - a potion of brilliance {unknown}
Comestibles
 e - 6 rations
 P - a chunk of flesh


   Skills:
 * Level 11.5 Fighting
 * Level 12.4 Axes
 + Level 7.1 Armour
 + Level 6.1 Dodging
 - Level 1.5 Stealth
 + Level 5.0 Shields
 * Level 10.4 Invocations
 + Level 4.1 Evocations


You had 11 spell levels left.
You didn't know any spells.
Your spell library contained the following spells:

 Spells                   Type           Power        Failure   Level  Hunger
 Animate Skeleton         Necr           N/A          100%        1    ##.....
 Apportation              Tloc           #.....       100%        1    ##.....
 Confusing Touch          Hex            #.....       100%        1    ##.....
 Summon Small Mammal      Summ           #...         100%        1    ##.....


Dungeon Overview and Level Annotations

Branches:
Dungeon (12/15)            Temple (0/1) D:7            Lair (2/6) D:10
    Orc (0/2) D:11
  Swamp: Lair:2-4    Shoals: Lair:2-4     Snake: Lair:2-4    Spider: Lair:2-4

Altars:
Dithmenos
Elyvilon
Sif Muna
Trog
The Shining One

Annotations:
D:7 1 runed translucent door, exclusion: 4 orange crystal statues
Lair:1 2 transporters, Paps's ghost, journeyman DsAK


Message History

* * * LOW HITPOINT WARNING * * *
The seven-headed hydra bites you but does no damage. x2
You take 12 damage, and have 10/110 hp.
Your orc wizard casts a spell at the seven-headed hydra.
The puff of flame hits the swamp worm!
The swamp worm dies!
Your orc priest no longer looks unusually strong.
Your orc priest calls upon Beogh to heal your orc wizard.
Your orc wizard is healed somewhat.
Your orc wizard no longer looks unusually strong.
The swamp worm throws harpoon shot at you.
The harpoon shot hits you!
* * * LOW HITPOINT WARNING * * *
You are yanked forward by the harpoon shot.
You take 8 damage, and have 3/110 hp.
Your orc priest dies!
The crocodile bites you but does no damage.
You block the seven-headed hydra's attack.
The seven-headed hydra bites you!
You die...

.........♣♣ ≈≈≈♣
..........♣≈≈≈≈♣§
.>........♣≈≈≈≈..
...........♣≈≈≈...
.............≈≈..♣
..........)†.≈♣
.........).♣.♣♣♣♣♣
.......[.w.♣♣♣.♣.♣
$......o@...♣....♣♣♣
.##...D.t.........#♣##
...##..............#.#
.. #.#......†.......###
. #.#P....##P........#
#...####...###........#
.......
######.#......÷.
....... ###........
⌠.⌠.... #.........


You could see a seven-headed hydra, a swamp worm, a crocodile and a friendly orc
wizard.

Levels and vault maps discovered:
D:1:      dpeg_arrival_rooms_b, layout_loops_cross, st_stairs_13
D:2:      cheibrodos_fertilizer, layout_basic, first_ration, minmay_cupped
D:3:      layout_loops_ring, old_standard_altar, uniq_natasha
D:4:      layout_rooms, elyvilon_altar_5
D:5:      minmay_recursive_quarters, layout_basic
D:6:      layout_cave_pods, gammafunk_temple_overflow_claw
D:7:      layout_gridville, minmay_temple_entry_wispy,
          chequers_guarded_unrand_ignorance, uniq_crazy_yiuf_cottage
D:8:      layout_loops_cross, david_nohive_1
D:9:      layout_cave_pods
D:10:     layout_gridville, minmay_lair_entry_grove
D:11:     layout_basic, erik_orc_3, gammafunk_ghost_icy
D:12:     layout_big_octagon, serial_undead, serial_undead_f, serial_undead_c,
          serial_undead_c, serial_undead_c, serial_undead_a, serial_undead_c,
          serial_undead_b, serial_undead_c
Lair:1:   wander_river, layout_concentric_octagons,
          gammafunk_ghost_wrathful_warriors
Lair:2:   layout_cave_shapes, palyth_hydra_swamp_entry,
          infiniplex_staircase_pool_2, grunt_megastairs_2

Notes
Turn   | Place    | Note
-------+----------+-------------------------------------------
     0 | D:1      | lepoulpe303 the Hill Orc Monk began the quest for the Orb.
     0 | D:1      | Reached XP level 1. HP: 19/19 MP: 1/1
    25 | D:1      | Identified a +0 short sword
   111 | D:1      | Reached XP level 2. HP: 21/27 MP: 2/2
   119 | D:1      | Identified a +0 helmet (You found it on level 1 of the
                  | Dungeon)
   164 | D:1      | Identified a +0 club
   306 | D:1      | Reached skill level 4 in Fighting
   467 | D:1      | Identified a +0 club
   523 | D:1      | Identified a +0 club
   551 | D:1      | Reached XP level 3. HP: 33/33 MP: 3/3
   850 | D:1      | Identified a +0 pair of gloves (You found it on level 1 of
                  | the Dungeon)
  1041 | D:2      | Reached skill level 1 in Armour
  1106 | D:2      | Identified a +0 club
  1215 | D:2      | Identified a +0 halberd
  1265 | D:2      | Identified a +0 pair of boots (You found it on level 2 of
                  | the Dungeon)
  1519 | D:2      | Reached XP level 4. HP: 38/41 MP: 4/4
  1621 | D:2      | Identified a +0 club
  1763 | D:2      | Identified a +0 club
  1898 | D:2      | Reached skill level 5 in Axes
  2037 | D:2      | Identified a +0 chain mail (You found it on level 2 of the
                  | Dungeon)
  2152 | D:2      | Identified a cursed -3 club
  2152 | D:2      | Identified a +0 club
  2184 | D:2      | Identified a +0 scale mail
  2184 | D:2      | Identified a +0 buckler
  2215 | D:2      | Identified a cursed -2 short sword
  2215 | D:2      | Identified a +0 whip
  2215 | D:2      | Identified a +0 whip
  2215 | D:2      | Identified a +0 club
  2215 | D:2      | Identified a +0 dagger
  2294 | D:2      | Identified a +0 short sword
  2320 | D:2      | Reached XP level 5. HP: 33/47 MP: 5/5
  2342 | D:2      | Reached skill level 5 in Fighting
  2387 | D:2      | Reached skill level 3 in Dodging
  2957 | D:3      | Identified a +0 dagger
  3040 | D:3      | Reached skill level 2 in Armour
  3148 | D:3      | Noticed Natasha
  3151 | D:3      | Killed Natasha
  3227 | D:3      | Identified 6 scrolls of identify
  3227 | D:3      | Identified a ring of protection from fire (You found it on
                  | level 3 of the Dungeon)
  3248 | D:3      | Found a white marble altar of Elyvilon.
  3365 | D:3      | Noticed Natasha
  3378 | D:3      | Killed Natasha
  3378 | D:3      | Reached XP level 6. HP: 36/56 MP: 6/6
  3428 | D:3      | Identified a +0 club
  3481 | D:4      | Found a white marble altar of Elyvilon.
  3531 | D:3      | Reached skill level 6 in Axes
  4172 | D:5      | Entered Level 5 of the Dungeon
  4294 | D:5      | Reached skill level 6 in Fighting
  4463 | D:5      | Reached XP level 7. HP: 55/63 MP: 7/7
  4532 | D:5      | Reached skill level 7 in Axes
  4532 | D:5      | Reached skill level 3 in Armour
  4562 | D:5      | Identified a +0 dagger
  4562 | D:5      | Identified a +0 robe
  4562 | D:5      | Identified a +0 hand axe
  4562 | D:5      | Identified a +0 leather armour
  4562 | D:5      | Identified a +0 mace
  4684 | D:5      | Identified a +0 hand axe
  4686 | D:5      | Became a worshipper of Beogh the Brigand
  4686 | D:5      | Reached * piety under Beogh
  4686 | D:5      | Reached ** piety under Beogh
  4851 | D:5      | Reached skill level 1 in Invocations
  5187 | D:5      | Identified a +0 trident
  5187 | D:5      | Identified a +0 short sword
  5187 | D:5      | Identified a +0 hand axe
  5235 | D:5      | Reached XP level 8. HP: 42/71 MP: 9/9
  5238 | D:5      | Reached skill level 7 in Fighting
  5286 | D:5      | Identified a +0 giant spiked club
  5392 | D:5      | Reached skill level 2 in Invocations
  5999 | D:5      | Reached skill level 8 in Axes
  5999 | D:5      | Reached skill level 4 in Dodging
  5999 | D:5      | Reached skill level 3 in Invocations
  6000 | D:5      | Identified an amulet of inaccuracy (You found it on level 5
                  | of the Dungeon)
  6002 | D:5      | Identified 4 potions of curing
  6003 | D:5      | Identified 2 potions of haste
  6004 | D:5      | Identified a potion of cancellation
  6005 | D:5      | Identified a potion of invisibility
  6259 | D:6      | Identified a +0 giant club
  6321 | D:5      | HP: 4/73 [ogre/+0 giant club (17)]
  6640 | D:5      | Reached skill level 4 in Armour
  6818 | D:6      | Identified a +0 giant club
  6831 | D:6      | Reached skill level 4 in Invocations
  7275 | D:6      | Identified a +0 giant club
  7287 | D:6      | HP: 7/74 [ogre/+0 giant club (17)]
  7290 | D:6      | Reached skill level 8 in Fighting
  7594 | D:6      | Found a glowing golden altar of the Shining One.
  7594 | D:6      | Found a shadowy altar of Dithmenos.
  7595 | D:6      | Found a deep blue altar of Sif Muna.
  7674 | D:6      | Identified a +0 spear of piercing
  7674 | D:6      | Identified a +0 scale mail
  7674 | D:6      | Identified a +0 spear
  7674 | D:6      | Identified a +0 spear
  7674 | D:6      | Identified a +0 halberd
  7674 | D:6      | Identified a +0 flail
  7674 | D:6      | Identified a +0 spear
  7708 | D:6      | Reached XP level 9. HP: 39/81 MP: 12/12
  8081 | D:6      | Identified a +0 giant spiked club
  8099 | D:6      | Reached skill level 9 in Axes
  8099 | D:6      | Reached skill level 5 in Invocations
  8690 | D:6      | Identified a +0 shield (You found it on level 6 of the
                  | Dungeon)
  8947 | D:7      | Identified a +0 war axe
  8947 | D:7      | Identified a +0 plate armour
  8949 | D:7      | Identified a cursed -2 hand axe
  8949 | D:7      | Identified a +0 leather armour
  8950 | D:7      | Identified a +0 giant club
  8954 | D:7      | Identified a cursed -1 dagger
  8954 | D:7      | Identified a +0 robe
  9117 | D:7      | Identified a +2 mace of holy wrath
  9117 | D:7      | Identified a +0 shortbow
  9138 | D:7      | Reached skill level 6 in Invocations
  9172 | D:7      | Found a runed translucent door.
  9180 | D:7      | Found the +10 large shield of Ignorance {rN+ Int-4}
  9181 | D:7      | Noticed an orange crystal statue
  9226 | D:7      | Found a runed translucent door.
  9227 | D:7      | Identified a +4 quarterstaff of chaos
  9227 | D:7      | Identified a +0 cloak
  9227 | D:7      | Noticed Crazy Yiuf
  9255 | D:7      | Found a runed translucent door.
  9296 | D:7      | Reached skill level 1 in Shields
  9319 | D:7      | Noticed an orange crystal statue
  9319 | D:7      | Noticed an orange crystal statue
  9319 | D:7      | Noticed an orange crystal statue
  9320 | D:7      | Identified a +0 whip
  9320 | D:7      | Identified a +0 dagger
  9320 | D:7      | Identified a +0 hand axe
  9634 | D:7      | Found a staircase to the Ecumenical Temple.
  9657 | D:7      | Reached skill level 9 in Fighting
  9664 | D:7      | Reached skill level 5 in Armour
  9838 | D:7      | Identified a +0 spear
  9850 | D:7      | Identified a potion of degeneration
  9852 | D:7      | Identified a potion of might
  9853 | D:7      | Identified 3 scrolls of enchant weapon
  9894 | D:7      | Identified a cursed -3 flail
  9895 | D:7      | Identified a ring of resist corrosion (You found it on
                  | level 7 of the Dungeon)
 10152 | D:7      | Killed Crazy Yiuf
 10369 | D:8      | Identified a +0 giant spiked club
 10518 | D:8      | Reached skill level 10 in Axes
 10528 | D:8      | Identified a ring of intelligence (You found it on level 8
                  | of the Dungeon)
 10618 | D:8      | Reached *** piety under Beogh
 10635 | D:7      | Reached skill level 2 in Shields
 10918 | D:7      | Reached XP level 10. HP: 54/91 MP: 15/15
 11127 | D:8      | Reached skill level 7 in Invocations
 11127 | D:8      | Reached skill level 1 in Evocations
 11230 | D:8      | Reached skill level 5 in Dodging
 11440 | D:8      | Identified a +4 flail (You found it on level 8 of the
                  | Dungeon)
 12178 | D:9      | Identified a +0 broad axe (You found it on level 9 of the
                  | Dungeon)
 12365 | D:9      | Identified a +0 short sword
 12366 | D:9      | Identified a +0 whip
 12366 | D:9      | Identified a +0 hand crossbow
 12366 | D:9      | Identified a +0 short sword
 12366 | D:9      | Identified a +0 dagger
 12366 | D:9      | Identified a +0 dagger
 12366 | D:9      | Identified a +0 hand crossbow
 12366 | D:9      | Identified a +0 club
 12366 | D:9      | Identified a cursed -3 giant club
 12366 | D:9      | Identified a +0 giant club
 12366 | D:9      | Noticed a two-headed ogre
 12375 | D:9      | Killed a two-headed ogre
 12375 | D:9      | Reached skill level 3 in Shields
 12375 | D:9      | Reached skill level 2 in Evocations
 12378 | D:9      | Identified a +0 spear
 12383 | D:9      | Identified a +0 club
 12385 | D:9      | Identified a +0 club
 12388 | D:9      | Reached skill level 8 in Invocations
 12394 | D:9      | Identified a +0 whip
 12397 | D:9      | Identified a +0 whip
 12397 | D:9      | Identified a +0 leather armour
 12414 | D:9      | Reached skill level 10 in Fighting
 12590 | D:9      | Identified a +0 whip
 12590 | D:9      | Identified a cursed -3 short sword
 12592 | D:9      | Identified a +0 whip
 12594 | D:9      | Identified a +0 short sword
 12605 | D:9      | Identified a +0 hand crossbow
 12616 | D:9      | Reached **** piety under Beogh
 12757 | D:9      | HP: 23/93 [troll (13)]
 13376 | D:10     | Entered Level 10 of the Dungeon
 13376 | D:10     | Identified a +3 great sword
 13376 | D:10     | Identified a +0 robe
 13376 | D:10     | Identified a +0 dire flail
 13376 | D:10     | Identified a +0 robe
 13376 | D:10     | Identified a +2 dagger of freezing
 13376 | D:10     | Identified a +0 robe
 13376 | D:10     | Identified a +0 long sword
 13376 | D:10     | Identified a +0 robe
 13376 | D:10     | Identified a +1 spear
 13376 | D:10     | Identified a +0 robe
 13473 | D:10     | Identified a +0 shortbow
 13486 | D:10     | Reached skill level 11 in Axes
 13605 | D:10     | Reached skill level 6 in Armour
 13657 | D:9      | HP: 22/93 [wolf (5)]
 14173 | D:10     | Identified a +0 flail
 14173 | D:10     | Identified a +0 ring mail
 14232 | D:10     | Reached XP level 11. HP: 96/101 MP: 17/17
 14359 | D:10     | Found a staircase to the Lair.
 14432 | D:10     | Identified a +0 hand axe of flaming
 14432 | D:10     | Identified a +0 war axe
 14433 | D:10     | Identified a cursed -3 club
 14433 | D:10     | Identified a +0 falchion
 14586 | D:10     | Reached skill level 9 in Invocations
 14731 | D:10     | Identified a +0 giant spiked club
 14798 | D:10     | Reached skill level 3 in Evocations
 14837 | D:10     | Killed an unseen horror
 14837 | D:10     | Reached skill level 4 in Shields
 15115 | D:11     | Identified a +0 club
 15118 | D:11     | Identified a +0 leather armour
 15118 | D:11     | Identified a +0 long sword
 15118 | D:11     | Identified a +0 plate armour
 15118 | D:11     | Identified a +0 club
 15119 | D:11     | Found a staircase to the Orcish Mines.
 15119 | D:11     | Identified a +0 halberd
 15119 | D:11     | Identified a +0 plate armour
 15121 | D:11     | Identified a +0 dagger
 15121 | D:11     | Identified a +0 robe
 15121 | D:11     | Identified a +0 dagger
 15121 | D:11     | Identified a +0 robe
 15123 | D:11     | Identified a +0 giant club
 15124 | D:11     | Identified a +0 leather armour
 15125 | D:11     | Identified a cursed +0 hand axe
 15125 | D:11     | Identified a +0 leather armour
 15126 | D:11     | Identified a +0 hunting sling
 15127 | D:11     | Identified a +0 dagger
 15127 | D:11     | Identified a +0 leather armour
 15128 | D:11     | Identified a +0 club
 15128 | D:11     | Identified a +0 leather armour
 15133 | D:11     | Identified a +0 troll leather armour
 15134 | D:11     | Identified a +0 dagger
 15134 | D:11     | Identified a cursed +0 leather armour
 15135 | D:11     | Identified a +0 short sword
 15143 | D:11     | Reached ***** piety under Beogh
 15144 | D:11     | Identified a +0 flail
 15144 | D:11     | Identified a +0 short sword
 15144 | D:11     | Identified a +0 plate armour
 15149 | D:11     | Identified a +0 club
 15363 | D:11     | Noticed a cyclops
 15364 | D:11     | Identified a +3 dagger
 15364 | D:11     | Identified a +0 robe
 15366 | D:11     | Identified a +0 giant spiked club
 15366 | D:11     | Identified a +0 giant club
 15366 | D:11     | Noticed a two-headed ogre
 15380 | D:11     | Identified 3 scrolls of blinking
 15388 | D:11     | HP: 20/101 [two-headed ogre/+0 giant spiked club (10)]
 15389 | D:11     | HP: 8/101 [rust devil[a kobold demonologist] (4)]
 15391 | D:11     | Identified 3 scrolls of random uselessness
 15392 | D:11     | Identified 2 scrolls of teleportation
 15415 | D:11     | HP: 10/101 [killer bee (2)]
 15415 | D:11     | Identified a +0 trident
 15415 | D:11     | Identified a +0 leather armour
 15421 | D:11     | HP: 8/101 [poisoned by a killer bee]
 15427 | D:11     | HP: 8/101 [poisoned by a killer bee]
 15434 | D:11     | HP: 7/101 [poisoned by a killer bee]
 15893 | Lair:1   | Entered Level 1 of the Lair of Beasts
 15936 | Lair:1   | Found a transporter.
 15944 | Lair:1   | Found a transporter.
 15944 | Lair:1   | Identified the cursed +0 trident of Qazlal's Generosity
                  | {antimagic, Int+5 Dex+3}
 15944 | Lair:1   | Identified a +1 robe
 15944 | Lair:1   | Noticed a spriggan rider
 15944 | Lair:1   | Noticed a moth of wrath
 15945 | Lair:1   | Found a bloodstained altar of Trog.
 15945 | Lair:1   | Identified the +12 rapier "Biule" {holy, rN+ MR+ Dex+4}
 15945 | Lair:1   | Identified a +1 robe
 15945 | Lair:1   | Noticed a spriggan berserker
 15955 | Lair:1   | Identified a +0 dagger
 15955 | Lair:1   | Identified a +0 robe
 15955 | Lair:1   | Identified a +0 rapier
 15955 | Lair:1   | Identified a +0 robe
 15955 | Lair:1   | Identified a +0 buckler
 15955 | Lair:1   | Identified a cursed -2 rapier
 15955 | Lair:1   | Identified a +0 robe
 15960 | Lair:1   | Noticed Paps's ghost (journeyman DsAK)
 15962 | Lair:1   | Identified a +0 dagger
 15962 | Lair:1   | Identified a +0 robe
 16217 | Lair:1   | Identified a ring of evasion (You found it on level 9 of
                  | the Dungeon)
 16795 | Lair:2   | Reached skill level 11 in Fighting
 16812 | Lair:2   | Reached skill level 12 in Axes
 16883 | Lair:2   | Reached skill level 10 in Invocations
 16902 | Lair:2   | HP: 21/102 [spiny frog (5)]
 16907 | Lair:2   | HP: 19/102 [poisoned by a spiny frog]
 16925 | Lair:1   | HP: 16/102 [spiny frog (14)]
 16929 | Lair:1   | HP: 6/102 [poisoned by a spiny frog]
 16936 | Lair:1   | Reached skill level 6 in Dodging
 16937 | Lair:1   | HP: 16/102 [blink frog (4)]
 17297 | Lair:2   | Gained Wargath as an ally
 17298 | Lair:2   | Identified a cursed +0 battleaxe
 17298 | Lair:2   | Identified a +0 chain mail
 17298 | Lair:2   | Identified a +0 dagger
 17298 | Lair:2   | Identified a +0 robe
 17298 | Lair:2   | Identified a +0 flail
 17298 | Lair:2   | Identified a +0 leather armour
 17298 | Lair:2   | Identified a +0 flail
 17298 | Lair:2   | Identified a +2 leather armour of poison resistance
 17298 | Lair:2   | Identified a +0 leather armour
 17300 | Lair:2   | Reached skill level 7 in Armour
 17305 | Lair:2   | Reached skill level 4 in Evocations
 17440 | Lair:2   | Reached skill level 5 in Shields
 17440 | Lair:2   | Reached XP level 12. HP: 100/110 MP: 19/19
 17451 | Lair:2   | Identified a +0 plate armour (You found it on level 2 of
                  | the Dungeon)
 17508 | Lair:2   | Noticed a seven-headed hydra
 17521 | Lair:2   | HP: 27/110 [seven-headed hydra (9)]
 17521 | Lair:2   | Your ally Wargath died
 17522 | Lair:2   | HP: 10/110 [seven-headed hydra (9)]
 17528 | Lair:2   | HP: 3/110 [swamp worm/harpoon shot (8)]
 17529 | Lair:2   | Slain by a seven-headed hydra

Table legend:
 A = Turns spent in this place as a percentage of turns spent in the entire game.
 B = Non-inter-level travel turns spent in this place as a percentage of non-inter-level travel turns spent in the entire game.
 C = Inter-level travel turns spent in this place as a percentage of turns spent in this place.
 D = Turns resting spent in this place as a percentage of non-inter-level travel turns spent in this place.
 E = Turns spent auto-exploring this place as a percentage of non-inter-level travel turns spent in this place.
 F = Non-inter-level travel turns spent in this place divided by the number of levels of this place that you've seen.
                   A       B       C       D       E      F
               +-------+-------+-------+-------+-------+----------------------
         Total | 100.0 | 100.0 |   3.6 |  37.9 |  41.4 | 1207.4
       Dungeon |  90.7 |  90.4 |   3.8 |  38.5 |  40.8 | 1274.0
          Lair |   9.3 |   9.6 |   1.2 |  32.5 |  47.3 | 808.0
               +-------+-------+-------+-------+-------+----------------------

Table legend:
 A = Kills in this place as a percentage of kills in entire the game.
 B = Kills by you in this place as a percentage of kills by you in the entire game.
 C = Kills by friends in this place as a percentage of kills by friends in the entire game.
 D = Other kills in this place as a percentage of other kills in the entire game.
 E = Experience gained in this place as a percentage of experience gained in the entire game.
 F = Experience gained in this place divided by the number of levels of this place that you have seen.
                   A       B       C       D       E      F
               +-------+-------+-------+-------+-------+----------------------
         Total | 100.0 | 100.0 | 100.0 |   N/A | 100.0 | 1374.3
       Dungeon |  86.5 |  90.5 |  57.9 |   N/A |  63.0 | 1010.3
          Lair |  13.5 |   9.5 |  42.1 |   N/A |  37.0 | 3558.0
               +-------+-------+-------+-------+-------+----------------------

Skill      XL: |  1  2  3  4  5  6  7  8  9 10 11 |
---------------+----------------------------------+-----
Fighting       | 4 5 6 8 9 10 11 | 11.5
Armour         | 1 2 3 4 5 6 7 |  7.1
Axes           | 5 6 7 8 10 11 12 | 12.4
Dodging        | 3 4 5 6 |  6.1
Invocations    | 1 4 6 8 10 | 10.4
Shields        | 2 3 5 |  5.0
Evocations     | 2 4 |  4.1
Stealth        | |  1.5

Action                   |  1- 3 |  4- 6 |  7- 9 | 10-12 || total
-------------------------+-------+-------+-------+-------++-------
Melee: Hand axe          |   120 |   276 |   410 |       ||   806
       War axe           |       |       |   193 |   121 ||   314
       Broad axe         |       |       |       |   468 ||   468
       Flail             |       |       |       |     7 ||     7
Throw: Stone             |    95 |   104 |    48 |     6 ||   253
       Tomahawk          |       |       |    45 |   118 ||   163
Invok: Smiting           |       |       |     3 |     2 ||     5
       Convert to Beogh  |       |       |     1 |       ||     1
Evoke: Wand              |       |     3 |    10 |     5 ||    18
  Use: Scroll            |       |     1 |     8 |     3 ||    12
       Potion            |       |       |       |     3 ||     3
 Stab: Paralysed         |       |       |    11 |       ||    11
  Eat: Chunk             |     2 |     6 |    13 |    11 ||    32
       Ration            |       |     1 |     4 |     5 ||    10
Armor: Robe              |    31 |     2 |       |       ||    33
       Chain mail        |       |   165 |   325 |   310 ||   800
       Plate armour      |       |       |       |    13 ||    13
Dodge: Dodged            |    79 |    95 |   173 |   197 ||   544
Block: Shield            |       |       |    92 |   363 ||   455

Vanquished Creatures
  A two-headed ogre (D:9)
  4 spiny frogs
  A queen bee (D:8)
  2 trolls (D:9)
  A hippogriff (D:11)
  2 blink frogs
  A wyvern (D:11)
  7 yaks
  2 basilisks (Lair:2)
  2 hungry ghosts
  3 water moccasins
  7 porcupines
  2 orc warriors
  2 black bears
  5 sky beasts
  5 ice beasts
  8 ogres
  A centaur (D:10)
  7 wolves
  A crocodile (Lair:1)
  2 big kobolds (D:9)
  4 bullfrogs
  A gnoll sergeant (D:6)
  3 scorpions
  14 killer bees
  3 wights
  7 howler monkeys
  2 bullfrog zombies
  A centaur zombie (D:6)
  5 crimson imps
  3 hounds
  4 jellies
  A gnoll shaman (D:9)
  Crazy Yiuf (D:7)
  A bullfrog skeleton (D:10)
  2 orc wizards
  Natasha (twice) (D:3)
  9 worker ants
  5 iguanas
  2 killer bee zombies
  2 hound skeletons
  A hound zombie (D:7)
  A howler monkey zombie (D:6)
  11 gnolls
  A howler monkey skeleton (D:8)
  6 adders
  3 shadow imps
  An adder zombie (D:9)
  7 oozes (D:2)
  3 adder skeletons
  3 worms
  3 dart slugs
  4 leopard geckos
  11 orcs
  8 giant cockroaches
  10 hobgoblins
  2 jackals (D:5)
  21 kobolds
  5 quokkas
  A ball python (D:1)
  8 bats
  4 frilled lizards
  6 goblins
  2 jackal zombies
  A leopard gecko skeleton (D:4)
  A leopard gecko zombie (D:7)
  A quokka skeleton (D:5)
  2 quokka zombies (D:5)
  9 rats
  2 plants (D:10)
276 creatures vanquished.

Vanquished Creatures (collateral kills)
  An unseen horror (D:10)
  A komodo dragon (Lair:2)
  A troll (D:11)
  4 blink frogs (Lair:2)
  2 yaks (Lair:1)
  A basilisk (D:10)
  A vampire mosquito (D:11)
  2 swamp worms (Lair:2)
  2 water moccasins (Lair:2)
  2 porcupines
  An ice beast (D:10)
  A black bear (D:10)
  An ogre (D:11)
  3 wolves
  A crocodile (Lair:2)
  A bullfrog (Lair:2)
  A howler monkey (D:11)
  A bullfrog zombie (D:11)
  An orc priest (D:11)
  A jelly (D:10)
  A bullfrog skeleton (D:10)
  2 iguanas (D:10)
  An orc (D:10)
  4 goblins (D:11)
  A quokka (D:11)
38 creatures vanquished.

Vanquished Creatures (others)
  3 orc knights
  2 orc warriors (D:11)
  2 orc wizards (D:11)
  3 orc priests
  14 orcs
  12 toadstools (D:2)
36 creatures vanquished.

Grand Total: 350 creatures vanquished
